[Event "Titled Tuesday Blitz September 21 2021"]
[White "Vrencian, Lehel"]
[Black "Tsvetkov, Andrey"]
[WhiteFideId "1230999"]
[BlackFideId "34139360"]
[WhiteElo "2058"]
[BlackElo "2280"]
[Result "1/2-1/2"]
[Round "01"]
[TimeControl "180+1"]
[Date "2021.09.21"]
[WhiteClock "0:00:07"]
[BlackClock "0:00:48"]

1. e4 c5 2. Nf3 d6 3. d4 cxd4 4. Nxd4 Nf6 5. Nc3 a6 6. Bc4 e6 7. O-O b5 8. Bb3 Be7 9. Qf3 Qc7 10. Qg3 O-O 11. Bh6 Ne8 12. Rfe1 Bd7 13. Rad1 Nc6 14. a4 b4 15. Nce2 Na5 16. Nf4 Nxb3 17. cxb3 Kh8 18. Bg5 Bxg5 19. Qxg5 h6 20. Qe7 Nf6 21. Ndxe6 fxe6 22. Nxe6 Bxe6 23. Qxc7 Bxb3 24. Rxd6 Rac8 25. Qb6 Nxe4 26. Rxh6+ Kg8 27. Rh4 Nxf2 28. Rf1 Bxa4 29. Qg6 Rf6 30. Qh7+ Kf7 31. h3 Bb5 32. Rxf2 Rc1+ 33. Kh2 Rxf2 34. Qh5+ Kg8 35. Qh8+ Kf7 36. Qh5+ Kg8 37. Qd5+ Rf7 38. Rf4 Rc7 39. Qd8+ Kh7 40. Qh4+ Kg8 41. Qd8+ Kh7 42. Qh4+ Kg8 43. Rxf7 Rxf7 44. Qxb4 Rd7 45. Qe4 Rd2 46. Qe6+ Kh8 47. b4 Re2 48. Qc8+ Kh7 49. Kg3 Re5 50. h4 Re3+ 51. Kf2 Rd3 52. g4 Rd2+ 53. Ke3 Re2+ 54. Kf3 Re7 55. g5 Rf7+ 56. Kg3 Bd7 57. Qc2+ Bf5 58. Qc4 Bg6 59. Qg4 Bf5 60. Qh5+ Kg8 61. g6 Rf6 62. Qh7+ Kf8 63. Qh8+ Ke7 64. Qxg7+ Ke6 65. Qg8+ Ke5 66. g7 Rg6+ 67. Kf2 Be6 68. Qf8 Rf6+ 69. Qxf6+ Kxf6 70. Ke3 Kxg7 71. Kd4 Bg4 72. Kc5 Be2 73. Kb6 Bb5 74. Ka5 Kh6 75. Kb6 Kh5 76. Kc5 Kxh4 77. Kd4 Kg4 78. Kc3 Kf4 79. Kb2 Ke4 80. Ka1 Kd4 81. Kb2 Kc4 82. Ka1 Kb3 83. Kb1 Bd3+ 84. Ka1 Bc4 85. Kb1 Ka4 86. Kb2 Be6 87. Kb1 Ka3 88. Ka1 Bc4 89. Kb1 Bb5 90. Ka1 Ba4 91. Kb1 Bb3 92. Ka1 Bd5 93. Kb1 Ba2+ 94. Ka1 Bf7 95. Kb1 Kb3 96. Ka1 Kc2 97. b5 axb5 1/2-1/2


[Site "https://www.chess.com"]

[Event "Titled Tuesday Blitz September 21 2021"]
[White "Vusatiuk, Vladimir"]
[Black "Visakh N R"]
[WhiteFideId "14118610"]
[BlackFideId "25012223"]
[WhiteElo "2167"]
[BlackElo "2454"]
[Result "0-1"]
[Round "01"]
[TimeControl "180+1"]
[Date "2021.09.21"]
[WhiteClock "0:00:05"]
[BlackClock "0:00:41"]

1. d4 d5 2. c4 c6 3. Nf3 Nf6 4. e3 Bf5 5. Nc3 e6 6. Bd3 Bg6 7. O-O Be7 8. Qe2 O-O 9. e4 dxe4 10. Nxe4 Nxe4 11. Bxe4 Nd7 12. Bxg6 hxg6 13. Bf4 Qa5 14. a3 Qf5 15. Be3 e5 16. dxe5 Nxe5 17. Nxe5 Qxe5 18. Rfe1 Bf6 19. Rab1 Rfe8 20. h3 Rad8 21. Qc2 b6 22. b4 Qe4 23. Qxe4 Rxe4 24. c5 b5 25. Rbd1 Ree8 26. Kf1 g5 27. Bc1 a5 28. Rxe8+ Rxe8 29. Rd6 axb4 30. axb4 Bc3 31. Be3 Re6 32. Rd8+ Kh7 33. Bd2 Bxd2 34. Rxd2 Kg6 35. Rd4 Kf5 36. f3 Ke5 37. Rd1 Re7 38. Rd6 Re6 39. Rd1 Re7 40. Rd6 Ra7 41. Rxc6 Kf4 42. Rb6 Ke3 43. Kg1 Ra1+ 44. Kh2 Kf2 45. Rxb5 Rg1 46. g4 Rg2+ 47. Kh1 Kg3 48. c6 Rd2 49. Rd5 Rxd5 0-1


[Site "https://www.chess.com"]

[Event "Titled Tuesday Blitz September 21 2021"]
[White "Wachinger, Guenther"]
[Black "Holt, Conrad"]
[WhiteFideId "4604261"]
[BlackFideId "2034387"]
[WhiteElo "2212"]
[BlackElo "2586"]
[Result "0-1"]
[Round "01"]
[TimeControl "180+1"]
[Date "2021.09.21"]
[WhiteClock "0:00:08"]
[BlackClock "0:00:09"]

1. e4 e6 2. d4 d5 3. Nd2 c5 4. exd5 Qxd5 5. Ngf3 cxd4 6. Bc4 Qd6 7. O-O Nf6 8. Nb3 Nc6 9. Nbxd4 Nxd4 10. Nxd4 a6 11. Re1 Be7 12. a4 O-O 13. c3 e5 14. Nf3 Qxd1 15. Rxd1 e4 16. Nd4 Bg4 17. Re1 Rac8 18. Ba2 Rfe8 19. Bg5 h6 20. Bxf6 Bxf6 21. Bd5 Bxd4 22. cxd4 Rc2 23. Bxb7 Be2 24. b4 Re7 25. Bd5 g6 26. Ra2 Rxa2 27. Bxa2 Bd3 28. Bb1 Rd7 29. Bxd3 exd3 30. b5 Rxd4 31. bxa6 Rxa4 32. Rd1 Rxa6 33. g4 Rd6 34. Kg2 Kg7 35. Kf3 Kf6 36. h4 h5 37. gxh5 gxh5 38. Ke3 Kf5 39. f3 Re6+ 40. Kf2 Rd6 41. Ke3 d2 42. f4 Rd8 43. Kf3 Rd3+ 44. Ke2 Ke4 45. f5 Rd6 46. f6 Rd7 47. Kf2 Rd5 48. Ke2 Rd6 49. Rxd2 Rxd2+ 50. Kxd2 Kf5 51. Ke3 Kxf6 52. Kf4 Kg6 53. Ke5 f5 54. Kf4 Kf6 55. Kf3 Ke5 56. Ke3 f4+ 57. Kf3 Kf5 58. Kf2 Kg4 59. Kg2 Kxh4 60. Kf3 Kg5 0-1


[Site "https://www.chess.com"]

[Event "Titled Tuesday Blitz September 21 2021"]
[White "Wagner, Dennis"]
[Black "Nastore, Pavel-Alexandru"]
[WhiteFideId "24650684"]
[BlackFideId "1255002"]
[WhiteElo "2355"]
[BlackElo "1763"]
[Result "1-0"]
[Round "01"]
[TimeControl "180+1"]
[Date "2021.09.21"]
[WhiteClock "0:00:19"]
[BlackClock "0:00:03"]

1. d4 Nf6 2. Nf3 d5 3. c4 c6 4. Nc3 dxc4 5. a4 Bf5 6. e3 e6 7. Bxc4 Bb4 8. O-O O-O 9. Qe2 Nbd7 10. e4 Bg4 11. h3 Bh5 12. e5 Nd5 13. Nxd5 cxd5 14. Bd3 Bg6 15. Bxg6 hxg6 16. Bd2 Qa5 17. Bxb4 Qxb4 18. Rfd1 Rfc8 19. Ng5 Rc4 20. Qf3 Qe7 21. Qf4 Rac8 22. b3 Rc2 23. Rd3 f6 24. exf6 gxf6 25. Nf3 g5 26. Qe3 Nf8 27. Re1 Kf7 28. Nh2 Ng6 29. Qf3 Nf4 30. Rde3 Rc1 31. Ng4 Rxe1+ 32. Rxe1 Qb4 33. Re3 Qd2 34. h4 Rc1+ 35. Kh2 Qxd4 36. hxg5 fxg5 37. Ne5+ Ke7 38. g3 Qd1 39. Qxd1 Rxd1 40. gxf4 gxf4 41. Ng6+ Kf6 42. Nxf4 e5 43. Nh5+ Kf5 44. Ng3+ Kf4 45. Kg2 d4 46. Re4+ Kg5 47. Rxe5+ Kf6 48. Rd5 Rd3 49. Ne4+ Ke6 50. Nc5+ Kxd5 51. Nxd3 1-0


[Site "https://www.chess.com"]

[Event "Titled Tuesday Blitz September 21 2021"]
[White "Weetik, Vjacheslav"]
[Black "Meduri, Aakaash"]
[WhiteFideId "4153472"]
[BlackFideId "2032252"]
[WhiteElo "2469"]
[BlackElo "2047"]
[Result "1-0"]
[Round "01"]
[TimeControl "180+1"]
[Date "2021.09.21"]
[WhiteClock "0:00:03"]
[BlackClock "0:00:07"]

1. d4 Nf6 2. Bf4 d6 3. Nf3 g6 4. c4 Bg7 5. Nc3 O-O 6. e3 Nbd7 7. h3 c6 8. Be2 Re8 9. O-O Qc7 10. Bh2 a6 11. c5 Qa5 12. cxd6 exd6 13. Bxd6 Nb6 14. Qb3 Be6 15. Qa3 Qxa3 16. Bxa3 Nc4 17. Bxc4 Bxc4 18. Rfc1 Rad8 19. Ne5 Be6 20. Bc5 Nd5 21. Nf3 f5 22. a4 h6 23. a5 Kh7 24. Ra4 Bh8 25. Ne5 Bxe5 26. dxe5 Nxc3 27. bxc3 Rd5 28. Bd6 Rb5 29. c4 Rb2 30. Rb4 Rxb4 31. Bxb4 Rd8 32. Bd6 Rd7 33. f3 g5 34. g4 Kg6 35. Kg2 h5 36. gxf5+ Kxf5 37. Kg3 Rg7 38. e4+ Kg6 39. c5 Rf7 40. Rc3 Rf4 41. Re3 Rf7 42. h4 g4 43. f4 Bc4 44. f5+ Kg7 45. Kf4 Rd7 46. Kg5 g3 47. Rxg3 Be2 48. e6 Rd8 49. f6+ Kh7 50. f7 Kg7 51. Kf4+ Kf6 52. f8=Q+ Rxf8 53. Bxf8 Kxe6 54. Bd6 Bc4 55. Rg7 Kf6 56. Rxb7 Bb5 57. e5+ Ke6 58. Ke4 Bc4 59. Re7# 1-0


[Site "https://www.chess.com"]

[Event "Titled Tuesday Blitz September 21 2021"]
[White "Xiong, Jeffery"]
[Black "Bendayan Claros, Aaron"]
[WhiteFideId "2047640"]
[BlackFideId "3803392"]
[WhiteElo "2699"]
[BlackElo "2133"]
[Result "1-0"]
[Round "01"]
[TimeControl "180+1"]
[Date "2021.09.21"]
[WhiteClock "0:00:11"]
[BlackClock "0:00:01"]

1. d4 d5 2. c4 e6 3. Nf3 Nf6 4. e3 b6 5. b3 Bb7 6. Bd3 Bd6 7. O-O Nbd7 8. cxd5 exd5 9. Ba3 Qe7 10. Bxd6 Qxd6 11. Nc3 a6 12. Rc1 O-O 13. Qc2 c5 14. Rfd1 Rfe8 15. dxc5 Nxc5 16. Ne2 Nxd3 17. Qxd3 Rac8 18. Ng3 h6 19. Nf5 Qa3 20. Rxc8 Rxc8 21. h3 Rc1 22. Kh2 Rxd1 23. Qxd1 Bc8 24. Qc2 Bxf5 25. Qxf5 Qxa2 26. Qc8+ Kh7 27. Qf5+ Kg8 28. Ne5 Qxb3 29. Qc8+ Kh7 30. Qf5+ Kg8 31. Qc8+ Kh7 32. Nxf7 Qb1 33. Qh8+ Kg6 34. Ne5+ Kf5 35. Nf3 Qf1 36. Qc8+ Kg6 37. Ne5+ Kh7 38. Qf5+ Kg8 39. Nc6 a5 40. Ne7+ Kh8 41. g4 a4 42. Ng6+ Kg8 43. Ne7+ Kh8 44. h4 a3 45. g5 hxg5 46. hxg5 a2 47. Qc8+ Kh7 48. Qf5+ Kh8 49. gxf6 a1=Q 50. Qh5# 1-0


[Site "https://www.chess.com"]

[Event "Titled Tuesday Blitz September 21 2021"]
[White "Yeletsky, Ivan"]
[Black "Yordanov, Nikolay Plamenov"]
[WhiteFideId "24180327"]
[BlackFideId "2907445"]
[WhiteElo "2344"]
[BlackElo "2248"]
[Result "1-0"]
[Round "01"]
[TimeControl "180+1"]
[Date "2021.09.21"]
[WhiteClock "0:01:07"]
[BlackClock "0:00:14"]

1. e4 c5 2. c3 Nf6 3. d3 Nc6 4. f4 e5 5. Nf3 d6 6. Na3 Be7 7. fxe5 dxe5 8. Nc4 Bg4 9. Ne3 Bh5 10. Be2 Qd7 11. a4 O-O 12. O-O Rad8 13. Nc4 Bxf3 14. Bxf3 h6 15. Be2 b6 16. Ne3 Qe6 17. Qe1 Na5 18. Nf5 Nb3 19. Bxh6 Nxa1 20. Bxg7 Nh7 21. Bxf8 Bxf8 22. Qxa1 c4 23. dxc4 Rd2 24. Bh5 Ng5 25. Qe1 Rxb2 26. Qg3 f6 27. h4 Bc5+ 28. Kh2 Kf8 29. hxg5 Qg8 30. gxf6 1-0


[Site "https://www.chess.com"]

[Event "Titled Tuesday Blitz September 21 2021"]
[White "pawel83"]
[Black "Williams, Simon K"]
[BlackFideId "404454"]
[WhiteElo "2349"]
[BlackElo "2468"]
[Result "0-1"]
[Round "01"]
[TimeControl "180+1"]
[Date "2021.09.21"]
[WhiteClock "0:00:14"]
[BlackClock "0:00:19"]

1. d4 e6 2. Nf3 f5 3. g3 Nf6 4. Bg2 Be7 5. O-O O-O 6. c4 d6 7. Nc3 Ne4 8. Nxe4 fxe4 9. Ne1 d5 10. Nc2 c5 11. Be3 cxd4 12. Bxd4 Nc6 13. cxd5 exd5 14. e3 Bf5 15. Rc1 Qd7 16. b3 Rad8 17. Bb2 Bg4 18. f3 exf3 19. Bxf3 Rxf3 20. Rxf3 Bxf3 21. Qxf3 Rf8 22. Qe2 Bc5 23. Rf1 Rxf1+ 24. Qxf1 Qf7 25. Qf4 Qxf4 26. gxf4 g6 27. Kg2 Kf7 28. Kf3 Ke6 29. Ne1 Bd6 30. a3 Na5 31. b4 Nc4 32. Bc1 Bc7 33. Nd3 Bb6 34. h3 a6 35. e4 dxe4+ 36. Kxe4 Nd6+ 37. Kf3 Bd4 38. Ne1 Kd5 39. Nc2 Nf5 40. Kg4 Bf6 41. Ne3+ Nxe3+ 42. Bxe3 Ke4 43. Bc5 b5 44. Bd6 h5+ 45. Kg3 Bb2 46. Kh4 Kf5 47. Kg3 Bxa3 48. Kf3 Bc1 49. Bc7 Bd2 50. Bd6 a5 51. bxa5 Bxa5 52. Be5 Bd2 53. h4 b4 54. Bd6 b3 55. Ba3 Bxf4 0-1


[Site "https://www.chess.com"]

[Event "Titled Tuesday Blitz September 21 2021"]
[White "Aldokhin, Ivan"]
[Black "Quparadze, Giga"]
[WhiteFideId "24115720"]
[BlackFideId "13602250"]
[WhiteElo "2265"]
[BlackElo "2658"]
[Result "0-1"]
[Round "02"]
[TimeControl "180+1"]
[Date "2021.09.21"]
[WhiteClock "0:00:06"]
[BlackClock "0:01:56"]

1. e4 c5 2. Nf3 e6 3. d4 cxd4 4. Nxd4 a6 5. Nc3 b5 6. Bd3 Qb6 7. Nb3 Nc6 8. Qe2 Qb8 9. Bd2 Bd6 10. Qg4 g6 11. f4 Nf6 12. Qf3 e5 13. f5 Nh5 14. Nd5 Ne7 15. Nxe7 Bxe7 16. O-O Nf4 17. g3 Nxd3 18. fxg6 Qb6+ 19. Kh1 Qxg6 20. cxd3 d5 21. exd5 Bg4 22. Qe4 Qxe4+ 23. dxe4 Be2 24. Rf2 Bh5 25. Rf5 Bg6 26. Rxe5 Kd7 27. Rc1 Bd6 28. Nc5+ Bxc5 29. Rxc5 Kd6 30. Bf4 Kxc5 31. Re7 Rhe8 0-1


[Site "https://www.chess.com"]

[Event "Titled Tuesday Blitz September 21 2021"]
[White "Andreikin, Dmitry"]
[Black "Costachi, Mihnea"]
[WhiteFideId "4158814"]
[BlackFideId "1217518"]
[WhiteElo "2736"]
[BlackElo "2482"]
[Result "1-0"]
[Round "02"]
[TimeControl "180+1"]
[Date "2021.09.21"]
[WhiteClock "0:01:47"]
[BlackClock "0:00:38"]

1. c4 Nf6 2. Nc3 g6 3. e4 d6 4. d4 Bg7 5. h3 O-O 6. Be3 c5 7. Nf3 cxd4 8. Nxd4 b6 9. g4 Bb7 10. Bg2 Nbd7 11. O-O Rc8 12. b3 Nc5 13. Qc2 a6 14. a4 Nfd7 15. Rad1 Ne5 16. f4 Nc6 17. Kh1 Nb4 18. Qb1 Rc7 19. Nd5 Bxd5 20. exd5 e5 21. dxe6 fxe6 22. f5 gxf5 23. gxf5 e5 24. Ne6 Qe7 25. Nxf8 Qxf8 26. f6 Bxf6 27. Qf5 Rf7 28. Bd2 Ncd3 29. Be4 Bd8 30. Qe6 Nc5 31. Bxh7+ Kg7 32. Qg6+ Kh8 33. Rxf7 1-0


[Site "https://www.chess.com"]

[Event "Titled Tuesday Blitz September 21 2021"]
[White "Avramidou, Anastasia"]
[Black "Yeletsky, Ivan"]
[WhiteFideId "4239873"]
[BlackFideId "24180327"]
[WhiteElo "2183"]
[BlackElo "2344"]
[Result "1-0"]
[Round "02"]
[TimeControl "180+1"]
[Date "2021.09.21"]
[WhiteClock "0:00:28"]
[BlackClock "0:00:04"]

1. c4 e5 2. Nc3 Nf6 3. Nf3 Nc6 4. e4 Bb4 5. d3 d6 6. Qc2 Bg4 7. Be3 Bxf3 8. gxf3 Nh5 9. a3 Bc5 10. b4 Bd4 11. Rg1 h6 12. b5 Bxc3+ 13. Qxc3 Nd4 14. Bxd4 exd4 15. Qxd4 c5 16. bxc6 Qa5+ 17. Kd1 Qa4+ 18. Kc1 Qxc6 19. Qd5 g5 20. Qxc6+ bxc6 21. Rb1 c5 22. Be2 Nf4 23. Kd2 Ke7 24. Rb7+ Kf6 25. Rgb1 Rhd8 26. Bd1 Ne6 27. Ba4 h5 28. Ke3 Nf4 29. Bc6 Ng6 30. Bd5 Ne5 31. a4 a5 32. R1b6 Kg7 33. Rb5 Rdc8 34. R7b6 Ra7 35. Rxd6 Re7 36. Rxa5 f5 37. Rb5 f4+ 38. Ke2 g4 39. fxg4 hxg4 40. a5 Rh8 41. a6 f3+ 42. Ke3 g3 43. hxg3 Rf8 44. Rb7 Ng4+ 45. Kd2 Re8 46. Rxe7+ Rxe7 47. Rb6 Nxf2 48. Rb7 1-0


[Site "https://www.chess.com"]

[Event "Titled Tuesday Blitz September 21 2021"]
[White "Babazada, Khazar"]
[Black "Agibileg, Uurtsaikh"]
[WhiteFideId "13413554"]
[BlackFideId "4901606"]
[WhiteElo "2315"]
[BlackElo "2204"]
[Result "1-0"]
[Round "02"]
[TimeControl "180+1"]
[Date "2021.09.21"]
[WhiteClock "0:00:19"]
[BlackClock "0:00:14"]

1. e4 c5 2. Nc3 e6 3. g3 a6 4. Bg2 b5 5. Nge2 Bb7 6. O-O d6 7. a4 b4 8. Nb1 Nd7 9. d3 Be7 10. Nd2 Qc7 11. Nc4 Ngf6 12. h3 O-O 13. Bf4 Rad8 14. a5 Rfe8 15. g4 h6 16. Qd2 e5 17. Bh2 d5 18. exd5 Bxd5 19. g5 hxg5 20. Qxg5 Bxg2 21. Qxg2 Bf8 22. Ng3 g6 23. Rae1 Bg7 24. Kh1 Nf8 25. Rg1 Nd5 26. Nh5 Bh8 27. Qf3 Nf4 28. Nxf4 exf4 29. Bxf4 Qd7 30. Bg5 Rxe1 31. Rxe1 Re8 32. Rxe8 Qxe8 33. Qe4 Qxe4+ 34. dxe4 Bxb2 35. Nxb2 Ne6 36. Be3 Kf8 37. Nd3 c4 38. Nxb4 Nc7 39. Bb6 Nb5 40. Nxa6 Na3 41. Bc5+ 1-0


[Site "https://www.chess.com"]

[Event "Titled Tuesday Blitz September 21 2021"]
[White "Baskin, Robert"]
[Black "Bluebaum, Matthias"]
[WhiteFideId "24662402"]
[BlackFideId "24651516"]
[WhiteElo "2521"]
[BlackElo "2681"]
[Result "1/2-1/2"]
[Round "02"]
[TimeControl "180+1"]
[Date "2021.09.21"]
[WhiteClock "0:00:19"]
[BlackClock "0:00:09"]

1. e4 e6 2. d4 d5 3. Nc3 Nf6 4. Bg5 h6 5. Bxf6 Qxf6 6. exd5 Bb4 7. dxe6 Bxe6 8. a3 Bxc3+ 9. bxc3 O-O 10. Nf3 c5 11. Bd3 Nc6 12. O-O Rad8 13. Rb1 b6 14. Be4 Bc4 15. Re1 cxd4 16. Bxc6 Qxc6 17. cxd4 Bd5 18. Ne5 Qd6 19. c4 Ba8 20. d5 Rfe8 21. Qd4 Qxa3 22. Re3 Qd6 23. Rbe1 f6 24. Ng6 Rxe3 25. Rxe3 Qb4 26. h4 Qb1+ 27. Kh2 Qxg6 28. Re7 Re8 29. Rxa7 Kh7 30. g3 b5 31. Qa1 bxc4 32. Rxa8 Rxa8 33. Qxa8 c3 34. Qc6 c2 35. d6 Qf5 36. Kg2 c1=Q 37. Qxc1 Qd5+ 38. Kg1 Qxd6 39. Qc2+ Kg8 40. Qe4 Qd7 41. Kg2 h5 42. Qg6 Qf7 43. Qe4 g6 44. Qc6 Kg7 45. f3 Qa2+ 46. Kh3 Qf7 47. g4 hxg4+ 48. fxg4 Qb3+ 49. Kg2 Qb2+ 50. Kg3 Qb3+ 51. Kg2 Qb2+ 52. Kg3 Qb3+ 53. Kg2 1/2-1/2


[Site "https://www.chess.com"]

[Event "Titled Tuesday Blitz September 21 2021"]
[White "Bilan, Danila"]
[Black "Kozak, Adam"]
[WhiteFideId "24161918"]
[BlackFideId "753246"]
[WhiteElo "2164"]
[BlackElo "2448"]
[Result "0-1"]
[Round "02"]
[TimeControl "180+1"]
[Date "2021.09.21"]
[WhiteClock "0:00:04"]
[BlackClock "0:01:36"]

1. d4 Nf6 2. Nf3 c5 3. e3 b6 4. c4 e6 5. Nc3 cxd4 6. Nxd4 Bb7 7. b3 Bb4 8. Bd2 O-O 9. f3 d5 10. Be2 e5 11. Nc2 Bc5 12. cxd5 Nxd5 13. Nxd5 Qxd5 14. Bc3 Qe6 15. O-O Nc6 16. Bc4 Qg6 17. Qe2 a5 18. Rad1 Bc8 19. Bd5 Ba6 20. Bc4 Bxc4 21. bxc4 Rfe8 22. Kh1 h5 23. Rd5 Nb4 24. Nxb4 axb4 25. Bxe5 Ra3 26. e4 Rea8 27. Rd2 Qe6 28. f4 Re3 29. Qxh5 Qxc4 30. Rfd1 Qxe4 31. Rd8+ Bf8 32. h3 Re1+ 33. Kh2 Rxd1 34. Rxa8 Qxa8 35. Qxd1 Qxa2 36. Qd8 Qe6 37. Qd4 b3 38. Qb2 g6 39. Bd4 Bc5 40. Bxc5 bxc5 41. Qc3 c4 42. Qb4 Qd5 43. Qb8+ Kg7 44. h4 c3 45. h5 Qxh5+ 46. Kg3 Qd5 47. Qc8 c2 48. Qc3+ Kh7 49. Kg4 Qd1+ 50. Kg5 c1=Q 51. Qf6 Qh5# 0-1


[Site "https://www.chess.com"]

[Event "Titled Tuesday Blitz September 21 2021"]
[White "Boros, Denes"]
[Black "Maksimenko, Viktor"]
[WhiteFideId "722340"]
[BlackFideId "13710478"]
[WhiteElo "2464"]
[BlackElo "2269"]
[Result "1-0"]
[Round "02"]
[TimeControl "180+1"]
[Date "2021.09.21"]
[WhiteClock "0:00:03"]
[BlackClock "0:00:03"]

1. d4 Nf6 2. Nc3 d5 3. Bg5 c5 4. e4 cxd4 5. Bxf6 gxf6 6. Qxd4 Nc6 7. Bb5 Rg8 8. exd5 Rg4 9. Qe3 Bd7 10. dxc6 bxc6 11. Be2 Rb4 12. b3 Qa5 13. Nf3 e6 14. O-O Bc5 15. Qh6 Ke7 16. Na4 Bd6 17. Rad1 Qc7 18. c4 c5 19. Rfe1 Rg8 20. Bf1 Bc6 21. Nh4 Bxh2+ 22. Kh1 Be5 23. Nc3 Rbb8 24. Ne4 Rg4 25. Ng3 Rbg8 26. Rd3 Qb8 27. Rde3 Kd7 28. Qxh7 R8g7 29. Qh5 Kc8 30. Rxe5 fxe5 31. Rxe5 f5 32. Rxc5 Kb7 33. Nhxf5 exf5 34. Nxf5 Qf8 35. Nxg7 Rxg7 36. Rg5 Rf7 37. Qg4 Rxf2 38. Rg7+ Ka6 39. Bd3 Qb4 40. Qe6 1-0


[Site "https://www.chess.com"]

[Event "Titled Tuesday Blitz September 21 2021"]
[White "Bortnyk, Olexandr"]
[Black "Grunberg, Mihai-Lucian"]
[WhiteFideId "14120828"]
[BlackFideId "1204149"]
[WhiteElo "2723"]
[BlackElo "2364"]
[Result "1-0"]
[Round "02"]
[TimeControl "180+1"]
[Date "2021.09.21"]
[WhiteClock "0:00:33"]
[BlackClock "0:01:27"]

1. d4 Nf6 2. Nc3 g6 3. e4 d6 4. Bg5 Bg7 5. Qd2 h6 6. Bh4 a6 7. a4 Nc6 8. Nf3 Bg4 9. Be2 g5 10. Bg3 Bxf3 11. Bxf3 e5 12. dxe5 dxe5 13. O-O-O Qxd2+ 14. Rxd2 Rd8 15. Rxd8+ Kxd8 16. h4 g4 17. Be2 h5 18. Bc4 Ke7 19. Re1 Nd4 20. Bxe5 Ne8 21. Nd5+ Kd7 22. Bg3 c6 23. Nb6+ Ke7 24. Rd1 Rh6 25. c3 Ne6 26. Rd7+ Kf8 27. Rxb7 Nc5 28. Rxf7+ 1-0


[Site "https://www.chess.com"]

[Event "Titled Tuesday Blitz September 21 2021"]
[White "Bychkov, Vladimir"]
[Black "Macovei, Andrei"]
[WhiteFideId "24151513"]
[BlackFideId "13904680"]
[WhiteElo "2308"]
[BlackElo "2389"]
[Result "0-1"]
[Round "02"]
[TimeControl "180+1"]
[Date "2021.09.21"]
[WhiteClock "0:00:23"]
[BlackClock "0:00:34"]

1. e4 c6 2. Nc3 d5 3. Nf3 Bg4 4. h3 Bxf3 5. Qxf3 e6 6. d4 dxe4 7. Nxe4 Qxd4 8. Bd2 Nf6 9. Bd3 Nxe4 10. Bxe4 Nd7 11. Bc3 Bb4 12. Rd1 Bxc3+ 13. bxc3 Qe5 14. O-O Nc5 15. Rfe1 Qc7 16. Qh5 Qe7 17. f4 g6 18. Qe5 O-O 19. Rd6 Rfd8 20. Red1 Rxd6 21. Rxd6 Nxe4 22. Rd4 Nf6 23. f5 Rd8 24. fxe6 fxe6 25. Rf4 Nd5 26. Rf3 Rf8 27. Rxf8+ Qxf8 28. Qxe6+ Qf7 29. Qe5 h5 30. h4 Kh7 31. g3 Nf6 32. Qd4 Ng4 33. Kg2 b6 34. c4 c5 35. Qd2 Ne5 36. Qe2 Nxc4 37. g4 Qd5+ 38. Kh3 Qh1+ 39. Kg3 Qg1+ 0-1


[Site "https://www.chess.com"]

[Event "Titled Tuesday Blitz September 21 2021"]
[White "Coelho, Ramyres Santana"]
[Black "Horobetz, Graham"]
[WhiteFideId "2120690"]
[BlackFideId "2047322"]
[WhiteElo "1888"]
[BlackElo "2636"]
[Result "1-0"]
[Round "02"]
[TimeControl "180+1"]
[Date "2021.09.21"]
[WhiteClock "0:00:05"]
[BlackClock "0:00:08"]

1. e4 c5 2. Nf3 d6 3. d4 cxd4 4. Nxd4 Nf6 5. Nc3 a6 6. f3 e5 7. Nb3 Be7 8. Be3 Be6 9. Qd2 h5 10. O-O-O Nbd7 11. Kb1 Rc8 12. h3 Qc7 13. Bd3 h4 14. f4 b5 15. f5 Bc4 16. Bxc4 bxc4 17. Nc1 Qb7 18. N1e2 Nxe4 19. Nxe4 Qxe4 20. Nc3 Qc6 21. Nd5 Nf6 22. Nxe7 Kxe7 23. Bg5 c3 24. bxc3 Rb8+ 25. Ka1 Rhc8 26. c4 Rb6 27. Rb1 Rxb1+ 28. Rxb1 Qxc4 29. Rb7+ Rc7 30. Rxc7+ Qxc7 31. Qd3 Qb7 32. Qe2 Kf8 33. Bxf6 gxf6 34. Qf2 Qb4 35. Qe2 a5 36. Qd3 Qc5 37. Kb2 d5 38. Qf3 e4 39. Qf4 Qb4+ 40. Kc1 Qa3+ 41. Kb1 Qg3 42. Qxg3 hxg3 43. Kc1 d4 44. Kd2 Kg7 45. c3 e3+ 46. Kd3 dxc3 47. Kxc3 Kh6 48. Kd3 e2 49. Kxe2 Kg5 50. Kf3 Kxf5 51. Kxg3 Ke4 52. h4 a4 53. Kg4 f5+ 54. Kg5 f6+ 55. Kg6 f4 56. h5 Ke3 57. h6 f3 58. gxf3 f5 59. Kxf5 1-0


[Site "https://www.chess.com"]

[Event "Titled Tuesday Blitz September 21 2021"]
[White "Derraugh, Geordie"]
[Black "FGHSMN"]
[WhiteFideId "2603950"]
[WhiteElo "2116"]
[BlackElo "2702"]
[Result "0-1"]
[Round "02"]
[TimeControl "180+1"]
[Date "2021.09.21"]
[WhiteClock "0:00:14"]
[BlackClock "0:02:14"]

1. e4 c5 2. c3 d5 3. exd5 Qxd5 4. d4 Nf6 5. Nf3 e6 6. Na3 Nc6 7. Nb5 Qd8 8. Bf4 Nd5 9. Bg3 a6 10. Qa4 Nb6 11. Qb3 axb5 12. Bxb5 Be7 13. dxc5 Bxc5 14. Rd1 Qe7 15. Bh4 f6 16. O-O O-O 17. Rfe1 Bd7 18. a4 Qf7 19. Bxc6 Bxc6 20. Nd4 Bxa4 21. Qxe6 Bxd1 0-1


[Site "https://www.chess.com"]

[Event "Titled Tuesday Blitz September 21 2021"]
[White "Devaev, Alexander"]
[Black "Mirzoev, Azer"]
[WhiteFideId "4169395"]
[BlackFideId "13400304"]
[WhiteElo "2185"]
[BlackElo "2525"]
[Result "1-0"]
[Round "02"]
[TimeControl "180+1"]
[Date "2021.09.21"]
[WhiteClock "0:00:15"]
[BlackClock "0:00:02"]

1. d4 d5 2. c4 e6 3. cxd5 exd5 4. Nc3 c6 5. Nf3 Bf5 6. Bf4 Nd7 7. e3 Qb6 8. Qc1 Be7 9. Be2 Ngf6 10. Nh4 Be6 11. Nf3 O-O 12. O-O Bf5 13. Nh4 Bg4 14. Bxg4 Nxg4 15. Nf5 Bd8 16. h3 Ngf6 17. Bg5 Re8 18. Rb1 a5 19. Nh4 h6 20. Bxf6 Bxf6 21. Nf3 g6 22. Qc2 Qa6 23. Rfc1 Bg7 24. Ne2 a4 25. Nf4 Nf8 26. Nd3 Ne6 27. Nc5 Nxc5 28. Qxc5 Bf8 29. Qc2 Bd6 30. Ne1 Kg7 31. Qd3 Qxd3 32. Nxd3 Ra5 33. Rc2 h5 34. Kf1 h4 35. Rbc1 Rb5 36. Rd1 Kf6 37. Nc1 Ra8 38. Ne2 Ke7 39. Ng1 g5 40. Nf3 f6 41. Ne1 f5 42. Nd3 Kf6 43. Ke2 Re8 44. Kf1 f4 45. exf4 gxf4 46. Ne1 Rh8 47. Nf3 Rb4 48. Re2 Rc4 49. Rde1 Kf5 50. Re6 Bb8 51. Re7 Rb4 52. R1e2 Kf6 53. R2e6+ Kf5 54. Re2 Rh6 55. Rf7+ Rf6 56. Rh7 Kg6 57. Rxh4 Ba7 58. Rg4+ Kh6 59. Rd2 Rc4 60. Ke2 b5 61. Kd3 Bb6 62. Re2 a3 63. b3 Rc1 64. Re8 Rd1+ 65. Ke2 Ra1 66. Rh8# 1-0


[Site "https://www.chess.com"]

[Event "Titled Tuesday Blitz September 21 2021"]
[White "Dobrov, Vladimir"]
[Black "Mhango, Banele"]
[WhiteFideId "4136594"]
[BlackFideId "14327040"]
[WhiteElo "2614"]
[BlackElo "2521"]
[Result "1-0"]
[Round "02"]
[TimeControl "180+1"]
[Date "2021.09.21"]
[WhiteClock "0:00:08"]
[BlackClock "0:00:22"]

1. d4 Nf6 2. c4 e6 3. Nf3 c5 4. d5 exd5 5. cxd5 d6 6. Nc3 a6 7. e4 g6 8. Bf4 Bg7 9. Qa4+ Bd7 10. Qb3 Bc8 11. a4 O-O 12. Be2 h6 13. Nd2 Ne8 14. O-O Nd7 15. Nc4 Qe7 16. Bg3 g5 17. f4 gxf4 18. Bxf4 Ne5 19. Nxe5 Bxe5 20. Nd1 Bxf4 21. Rxf4 Ng7 22. Ne3 f5 23. Raf1 Bd7 24. exf5 Rae8 25. R1f3 Nh5 26. f6 Rxf6 27. Rxf6 Nxf6 28. Bd3 b5 29. axb5 axb5 30. Qc3 Rf8 31. Nf5 Bxf5 32. Bxf5 Kh8 33. Be6 Qg7 34. Rg3 Qh7 35. h3 b4 36. Qe3 Ne4 37. Rg4 Ng5 38. Kh2 Rf1 39. Rf4 Rxf4 40. Qxf4 Qe7 41. Bg4 Qe5 42. Qxe5+ dxe5 43. Kg3 Nf7 44. Kf3 Nd6 45. Ke3 c4 46. Be2 Kg7 47. g4 Kf6 48. h4 c3 49. bxc3 bxc3 50. Kd3 c2 51. Kxc2 e4 52. Kc3 Ke5 53. Bc4 e3 54. Be2 Kxd5 55. Kd3 Ke5 56. Kxe3 Nf7 57. Bc4 Nd6 58. Bb3 Ne8 59. Ba4 Nf6 60. Kf3 Nd5 61. Bb3 Ne7 62. Bf7 Nc6 63. Ke3 Kf6 64. Bd5 Ne7 65. Bf3 Ng6 66. Be2 Nxh4 67. Kf4 Ng6+ 68. Kg3 Kg5 69. Bd3 Ne5 70. Be2 Nf7 71. Bd1 Nd6 72. Be2 Ne8 73. Kh3 Nf6 74. Kg3 Ne4+ 75. Kh3 Nc3 76. Bf3 Nb5 77. Be2 Nd4 78. Bd1 Kf4 79. Kh4 Ne6 80. Kh5 Ng5 81. Kxh6 Ne4 82. Kh5 Ng5 83. Kg6 Ne4 84. Kh5 Ng5 85. Bc2 Nh3 86. Kh4 Ng5 87. Bf5 Nf3+ 88. Kh5 Ng5 89. Bd7 Nf3 90. Be8 Ng5 91. Bc6 Ne6 92. Bb7 Ng5 93. Bd5 Nf3 94. Bxf3 Kxf3 95. g5 1-0


[Site "https://www.chess.com"]